 Dungeon Crawl Stone Soup version 0.21.0 (webtiles) character file.

144 MTVSty1e the Chopper (level 5, -14/45 HPs)
             Began as a Draconian Transmuter on Jan 7, 2018.
             Demolished by a gnoll
             ... wielding a +0 halberd
              (17 damage)
             ... on level 2 of the Dungeon.
             The game lasted 00:06:59 (3043 turns).

MTVSty1e the Chopper (Draconian Transmuter)         Turns: 3043, Time: 00:07:00

Health: -14/45     AC:  6    Str: 13      XL:     5   Next: 5%
Magic:  7/8        EV: 12    Int: 13 (14) God:
Gold:   86         SH:  0    Dex: 10 (11) Spells: 7/8 levels left

rFire    . . .     SeeInvis .   e - +1 hand axe
rCold    . . .     Gourm    .   (no shield)
rNeg     . . .     Faith    .   (armour unavailable)
rPois    .         Spirit   .   (helmet restricted)
rElec    .         Reflect  .   (no cloak)
rCorr    .         Harm     .   a - +0 pair of gloves
MR       .....                  (boots currently unavailable)
Stlth    +.........             i - amulet of regeneration
HPRegen  0.55/turn              (no ring)
MPRegen  0.11/turn              (no ring)

@: appendage
A: unfitting armour, talons 3, cold-blooded, AC +5
a: End Transformation


You were on level 2 of the Dungeon.
You were not hungry.
You had grown temporary talons.
You visited 1 branch of the dungeon, and saw 3 of its levels.

You collected 86 gold pieces.

Inventory:

Hand Weapons
 d - a +0 short sword
 e - a +1 hand axe (weapon)
Armour
 a - a +0 pair of gloves (worn)
Jewellery
 i - an amulet of regeneration (around neck)
Scrolls
 f - 3 scrolls of identify
 l - a scroll of remove curse
Potions
 k - 2 potions of magic
Books
 b - a book of Changes

   Spells                             Type                      Level
   a - Beastly Appendage              Transmutation                1
   b - Sticks to Snakes               Transmutation                2
   c - Spider Form                    Transmutation/Poison         3
   d - Ice Form                       Ice/Transmutation            4
   e - Blade Hands                    Transmutation                5
Comestibles
 c - 2 rations


   Skills:
 + Level 3.2 Fighting
 * Level 3.5 Axes
 - Level 1.7 Dodging
 - Level 3.0 Unarmed Combat
 - Level 2.0 Spellcasting
 - Level 2.1 Transmutations


You had 7 spell levels left.
You knew the following spells:

 Your Spells              Type           Power        Failure   Level  Hunger
a - Beastly Appendage     Tmut           #.....       11%         1    ##.....


Dungeon Overview and Level Annotations

Branches:
Dungeon (3/15)

Altars:
Fedhas
Wu Jian

Annotations:
D:2 exclusion: oklob plant
D:3 Aviak's ghost, amateur OgHu


Innate Abilities, Weirdness & Mutations

Your plain brown scales are hard. (AC +5)
You cannot fit into any form of body armour.
You are cold-blooded and may be slowed by cold attacks.
You have claws for feet.


Message History

The river rat bites you!
You climb upwards.
Level annotation: exclusion: oklob plant
There is a stone staircase leading down, spattered with blood here.
Casting: Beastly Appendage
Confirm with . or Enter, or press ? or * to list all spells.
Your feet morph into talons.
The gnoll barely misses you. The river rat bites you.
* * * LOW HITPOINT WARNING * * *
You hit the gnoll.
The gnoll is lightly wounded.
You closely miss the river rat. The gnoll hits you with a halberd!
* * * LOW HITPOINT WARNING * * *
The river rat barely misses you.
You closely miss the gnoll.
The gnoll is lightly wounded.
You closely miss the river rat. The river rat bites you.
* * * LOW HITPOINT WARNING * * *
The gnoll hits you with a halberd!
You die...

#.# #.# #.# #.# #.# #.#
#.########### #.# #.#
#...........####.######.#
#.....#####.............#
#.###.# #..###....<...#
#.# #.# #..# ##########
#.# #.#####.g# #.#
#..)...[@# #.#########r##
#...........#
#############


You could see a gnoll and a river rat.

Vanquished Creatures
  Terence (D:2)
  4 adders
  A worm (D:2)
  A dart slug (D:2)
  3 leopard geckos
  4 bats
  6 giant cockroaches
  12 goblins
  5 hobgoblins
  4 jackals (D:2)
  12 kobolds
  3 ball pythons
  5 frilled lizards
  7 rats
68 creatures vanquished.

Notes
Turn   | Place    | Note
-------+----------+-------------------------------------------
     0 | D:1      | MTVSty1e the Draconian Transmuter began the quest for the Orb.
     0 | D:1      | Reached XP level 1. HP: 16/16 MP: 3/3
   224 | D:1      | Reached XP level 2. HP: 18/24 MP: 5/5
   275 | D:1      | Reached skill level 1 in Axes
   724 | D:1      | Reached XP level 3. HP: 21/29 MP: 6/6
  1172 | D:2      | Found an ornate altar of the Wu Jian Council.
  1481 | D:2      | Reached XP level 4. HP: 21/37 MP: 7/7
  1802 | D:2      | Found a blossoming altar of Fedhas.
  1820 | D:2      | Noticed an oklob plant
  2521 | D:3      | Noticed Aviak's ghost (amateur OgHu)
  2525 | D:3      | Noticed Terence
  3028 | D:2      | Killed Terence
  3028 | D:2      | Reached XP level 5. HP: 40/45 MP: 6/8
  3043 | D:2      | Demolished by a gnoll

Skill      XL: |  1  2  3  4 |
---------------+-------------+-----
Axes           | 1 2 3 |  3.5
Fighting       | 2 3 |  3.2
Dodging        | |  1.7
Unarmed Combat | |  3.0
Spellcasting   | |  2.0
Transmutations | |  2.1

Action                   |  1- 3 |  4- 6 || total
-------------------------+-------+-------++-------
Melee: Hand axe          |   150 |    53 ||   203
       Unarmed           |     9 |       ||     9
       Short sword       |     4 |       ||     4
       Tailslap          |    15 |     8 ||    23
       Headbutt          |     3 |       ||     3
       Punch             |     4 |       ||     4
       Kick              |       |     2 ||     2
 Cast: Beastly Appendage |     3 |     3 ||     6
  Use: Scroll            |       |     6 ||     6
       Potion            |       |     2 ||     2
 Stab: Sleeping          |     1 |     1 ||     2
  Eat: Ration            |     1 |     1 ||     2
Armor: Skin              |    49 |    28 ||    77
Dodge: Dodged            |   126 |    68 ||   194
